 Dungeon Crawl Stone Soup version 0.26.0-16-gc1dbca0489 (webtiles) character file.

Game seed: 2075135967841938568

208 kaeus the Sneak (level 5, -1/31 HPs)
             Began as an Octopode Hedge Wizard on Jan 22, 2021.
             Slain by a leopard gecko (2 damage)
             ... on level 4 of the Dungeon.
             The game lasted 00:03:47 (3931 turns).

kaeus the Sneak (Octopode Hedge Wizard)             Turns: 3931, Time: 00:03:47

Health: -1/31      AC:  1    Str:  9    XL:     5   Next: 86%
Magic:  7/11       EV: 13    Int: 17    God:
Gold:   154        SH:  0    Dex: 12    Spells: 7/12 levels left

rFire    . . .     SeeInvis .   g - +0 mace (protect)
rCold    + . .     Faith    .   (no shield)
rNeg     . . .     Spirit   .   b - +0 hat
rPois    .         Reflect  .   (no amulet)
rElec    .         Harm     .   f - ring of protection from cold
rCorr    .         Rampage  .   (no ring)
Will     .....                  l - +4 ring of slaying
Stlth    ++++......             (no ring)
HPRegen  0.10/turn              (no ring)
MPRegen  0.12/turn              (no ring)
                                (no ring)
                                (no ring)

@: no status effects
A: almost no armour, stealthy swim, amphibious, 8 rings, constrict 8, camouflage
1, gelatinous body 1
a: no special abilities


You were on level 4 of the Dungeon.
You visited 1 branch of the dungeon, and saw 4 of its levels.

You collected 154 gold pieces.

Inventory:

Hand Weapons
 g - a +0 mace of protection (weapon)
 n - a +4 dagger
Armour
 b - a +0 hat (worn)
Jewellery
 f - a ring of protection from cold (left tentacle)
 l - a +4 ring of slaying (on tentacle)
Wands
 h - a wand of digging (5)
 k - a wand of enslavement (10)
Scrolls
 a - 4 scrolls of identify
 c - 2 scrolls of remove curse
 d - 4 scrolls of enchant armour
Potions
 e - 2 potions of brilliance {unknown}
 i - a potion of heal wounds {unknown}
 j - a potion of lignification {unknown}


   Skills:
 - Level 2.2 Dodging
 + Level 4.8 Stealth
 + Level 4.0 Spellcasting
 - Level 2.0 Conjurations
 + Level 2.9 Summonings
 - Level 1.3 Translocations


You had 7 spell levels left.
You knew the following spells:

 Your Spells              Type           Power        Failure   Level
a - Magic Dart            Conj           40%          7%          1
b - Call Imp              Summ           13%          7%          2
c - Slow                  Hex            3%           24%         2

Your spell library contained the following spells:

 Spells                   Type           Power        Failure   Level
 Blink                    Tloc           N/A          14%         2
 Conjure Flame            Conj/Fire      6%           30%         3
 Mephitic Cloud           Conj/Pois/Air  5%           34%         3


Dungeon Overview and Level Annotations

Branches:
Dungeon (4/15)
 Temple: D:4-7

Altars:
Elyvilon
Sif Muna
Zin


Innate Abilities, Weirdness & Mutations

You cannot wear most types of armour.
You are very stealthy in the water. (Stealth+)
You are amphibious.
You can wear up to eight rings at the same time.
You can use your tentacles to constrict eight enemies at once.
Your skin changes colour to match your surroundings (Stealth+).
Your rubbery body absorbs attacks. (AC +1, EV +1)


Message History

* * * LOW HITPOINT WARNING * * *
You take 2 damage, and have 5/31 hp.
The jackal bites you.
* * * LOW HITPOINT WARNING * * *
You take 1 damage, and have 5/31 hp.
The jackal closely misses you. x2
You barely miss the leopard gecko. Your grab misses the leopard gecko.
The jackal closely misses you. The jackal bites you.
* * * LOW HITPOINT WARNING * * *
The leopard gecko bites you.
* * * LOW HITPOINT WARNING * * *
The jackal bites you.
* * * LOW HITPOINT WARNING * * *
The jackal closely misses you.
You take 4 damage, and have 1/31 hp.
The leopard gecko completely misses you.
The leopard gecko closely misses you.
A centaur comes into view.
The leopard gecko bites you.
You die...

................
..c##............#
...#............# #..
...........#....###...
.........<.......#....
......................
....................
.... ..
.##.................
#... ##.
##.@..............
#..##..
####hl.............
#...#.##
#...h........#####.
#..#...######........###
#...###..###.......### #
##................## <#
.##..5.............## .#
....#####.........## ..#
...## ####......## ..


You could see a centaur (asleep), a leopard gecko and 2 jackals.

Vanquished Creatures
  An orc priest (D:3)
  3 adders
  An ooze (D:2)
  3 worms
  A dart slug (D:2)
  2 leopard geckos
  3 bats
  A giant cockroach (D:4)
  6 hobgoblins
  12 jackals
  A frilled lizard (D:2)
  10 goblins
  6 kobolds
  3 rats
53 creatures vanquished.

Vanquished Creatures (collateral kills)
  A hound (D:4)
  A jelly (D:4)
  An orc priest (D:3)
  An orc wizard (D:3)
  2 orcs (D:3)
  A bat (D:3)
  2 hobgoblins
  3 jackals
12 creatures vanquished.

Grand Total: 65 creatures vanquished

Notes
Turn   | Place    | Note
-------+----------+-------------------------------------------
     0 | D:1      | kaeus the Octopode Hedge Wizard began the quest for the
                  | Orb.
     0 | D:1      | Reached XP level 1. HP: 11/11 MP: 4/4
   362 | D:1      | Reached XP level 2. HP: 17/17 MP: 1/6
   961 | D:1      | Learned a level 2 spell: Call Imp
   964 | D:1      | Learned a level 2 spell: Slow
  1122 | D:2      | Reached XP level 3. HP: 11/21 MP: 5/7
  1756 | D:2      | Found a white marble altar of Elyvilon.
  2254 | D:3      | Reached XP level 4. HP: 25/27 MP: 6/9
  2451 | D:3      | Found a shimmering blue altar of Sif Muna.
  2542 | D:3      | Reached XP level 5. HP: 26/31 MP: 2/10
  3899 | D:4      | Found a glowing silver altar of Zin.
  3929 | D:4      | HP: 1/31 [jackal (2)]
  3931 | D:4      | Noticed a centaur
  3931 | D:4      | Slain by a leopard gecko

Illustrated notes

Levels and vault maps discovered:
D:1:      lightli_iron_boxes, layout_loops_corners
D:2:      layout_basic, nicolae_overflow_crystal_walls, serial_curves,
          eino_curves_02, eino_curves_02
D:3:      layout_loops_corners, lemuel_crystal_altar
D:4:      layout_layer_cave, lemuel_round_altar, lemuel_doored_altar,
          cheibrodos_sewer_entry_bend

Skill      XL: |  1  2  3  4  5 |
---------------+----------------+-----
Stealth        | 3 4 |  4.8
Conjurations   | 2 |  2.0
Summonings     | 2 |  2.9
Spellcasting   | 4 |  4.0
Dodging        | |  2.2
Translocations | |  1.3

Action                   |  1- 3 |  4- 6 || total
-------------------------+-------+-------++-------
Melee: Dagger            |     4 |       ||     4
       Mace              |    44 |    54 ||    98
       Constrict         |     8 |    15 ||    23
       Tentacles         |     5 |     5 ||    10
 Cast: Magic Dart        |    34 |       ||    34
       Call Imp          |     7 |    32 ||    39
  Use: Scroll            |       |     4 ||     4
 Stab: Sleeping          |     2 |     3 ||     5
Armor: Skin              |     6 |    30 ||    36
Dodge: Dodged            |    40 |   106 ||   146
